 Dungeon Crawl Stone Soup version 0.30-a0-49-g1cef19eb02 (webtiles) character file.

Game seed: 5376818502585929581

230 Newt the Skirmisher (level 6, -5/38 HPs)
             Began as a Kobold Hunter on Sept 2, 2022.
             Killed by an exploding butterfly (19 damage)
             ... ignited by their inner flame
             ... on level 4 of the Dungeon.
             The game lasted 00:03:19 (2910 turns).

Newt the Skirmisher (Kobold Hunter)                 Turns: 2910, Time: 00:03:19

Health: -5/38      AC:  5    Str:  9    XL:     6   Next: 24%
Magic:  15/15      EV: 15    Int: 10    God:
Gold:   211        SH:  0    Dex: 20    Spells: 5/5 levels left

rFire   . . .      SeeInvis .    a - +0 shortbow (venom)
rCold   . . .      Faith    .    (shield currently unavailable)
rNeg    + . .      Spirit   .    c - +0 leather armour
rPois   .          Reflect  .    (no helmet)
rElec   .          Harm     .    (no cloak)
rCorr   .          Rampage  .    g - +1 pair of gloves
Will    .....                    (no boots)
Stlth   +++.......               (no amulet)
HPRegen 0.12/turn                f - ring of magical power
MPRegen 0.14/turn                n - ring of positive energy

@: no status effects
A: small, no large weapons, nightstalker 3
a: no special abilities


You were on level 4 of the Dungeon.
You visited 1 branch of the dungeon, and saw 4 of its levels.

You collected 211 gold pieces.

Inventory:

Hand Weapons
 a - a +0 shortbow of venom (weapon)
 q - the +7 dagger of the Heart {flame, Will+}
   (You found it on level 3 of the Dungeon)

   It burns those it strikes, dealing additional fire damage.
   Will:      It increases your willpower.
Armour
 c - a +0 leather armour (worn)
 g - a +1 pair of gloves (worn)
Jewellery
 f - a ring of magical power (left hand)
 n - a ring of positive energy (right hand)
Wands
 o - a wand of charming (6)
Scrolls
 b - a scroll of immolation
 k - a scroll of teleportation
Potions
 d - a potion of might {unknown}
 e - a potion of heal wounds {unknown}
 h - 2 potions of lignification
 i - 2 potions of curing {unknown}
 j - 3 potions of magic
 l - a potion of haste
 m - 2 potions of flight
 p - a potion of degeneration {unknown}


   Skills:
 - Level 4.0 Fighting
 - Level 8.0 Ranged Weapons
 + Level 3.3 Dodging
 - Level 1.3 Stealth


You had 5 spell levels left.
You didn't know any spells.
Your spell library contained the following spells:

 Spells                   Type           Power      Damage    Failure   Level
 Apportation              Tloc           0%         N/A       47%         1
 Necrotise                Necr           0%         1d4       47%         1
 Summon Small Mammal      Summ           0%         N/A       47%         1
 Conjure Flame            Conj/Fire      0%         6-21      85%         3
 Frozen Ramparts          Ice            0%         1d1       85%         3
 Ignite Poison            Fire/Tmut/Pois 0%         N/A       85%         3
 Ice Form                 Ice/Tmut       0%         N/A       99%         4
 Sticky Flame             Conj/Fire      0%         2d3       99%         4
 Summon Ice Beast         Ice/Summ       0%         N/A       99%         4


Dungeon Overview and Level Annotations

Branches:
Dungeon (4/15)
 Temple: D:4-7

Altars:
Ashenzari
Elyvilon
Vehumet

Annotations:
D:4 Menkaure


Innate Abilities, Weirdness & Mutations

You are small and have problems with some larger weapons.
You are completely attuned to the shadows.


Message History

Menkaure is moderately damaged.
Menkaure hits you!
You shoot an arrow. The arrow hits Menkaure.
Menkaure is moderately damaged.
Menkaure closely misses you.
Unknown command.
Menkaure attacks as you move away! Menkaure barely misses you.
Read: scroll of butterflies
Press: ? - help, Q - select action, (/) - cycle Dir - look around, f - activate
As you read the scroll of butterflies, it crumbles to dust.
You hear the tinkle of a tiny bell.
Menkaure hits you!
Unknown command.
You swap places.
Menkaure hits your butterfly.
Your butterfly dies!
Your butterfly disappears in a burst of colours!
You swap places.
Menkaure gestures at you while chanting.
Your butterfly writhes in agony.
Your butterfly dies!
Your butterfly disappears in a burst of colours!
You swap places.
Something barely misses your butterfly.
Read: 2 scrolls of immolation
Press: ? - help, Q - select action, (/) - cycle Dir - look around, f - activate Look: a butterfly (summoned, friendly, susceptible)
As you read the scroll of immolation, it crumbles to dust.
The creatures around you are filled with an inner flame!
Menkaure barely misses your butterfly. Menkaure hits your butterfly!!
Your butterfly disappears in a burst of colours!
Your butterfly explodes!
The fiery explosion engulfs your butterfly!!
Your butterfly disappears in a burst of colours!
The fiery explosion engulfs Menkaure!!
Menkaure is burned terribly!
Flame seeps out of Menkaure.
Menkaure is almost destroyed.
Your butterfly explodes!
The fiery explosion engulfs you!!
Ouch! That really hurt!
You die...

.............##...
.#................
..................
########.#............
#........#.###........
#.########..#.........
#...b....#.....#......
########M#.....#..##..
#....@§§§#.....#..##..
#.########.......##...
#........#............
########.#..........#.
.......#...†....#.
....###...........
....# #...........
.....##........)..
.................#


You could see Menkaure (fast, inner flame).

Vanquished Creatures
  A hound (D:4)
  2 orc priests (D:3)
  An orc wizard (D:3)
  3 adders
  A dart slug (D:1)
  3 worms
  8 orcs
  7 ball pythons
  7 bats
  4 endoplasms
  6 giant cockroaches
  7 goblins
  4 hobgoblins
  5 jackals (D:2)
  2 quokkas
  A frilled lizard (D:2)
  3 kobolds
  4 rats
69 creatures vanquished.

Vanquished Creatures (others)
  3 plants (D:3)
3 creatures vanquished.

Grand Total: 72 creatures vanquished

Notes
Turn   | Place    | Note
-------+----------+-------------------------------------------
     0 | D:1      | Newt the Kobold Hunter began the quest for the Orb.
     0 | D:1      | Reached XP level 1. HP: 12/12 MP: 1/1
   203 | D:1      | Reached XP level 2. HP: 18/18 MP: 2/2
   389 | D:1      | Reached XP level 3. HP: 21/24 MP: 3/3
   714 | D:1      | Found a faded altar of an unknown god.
  1197 | D:2      | Reached XP level 4. HP: 27/29 MP: 4/4
  1320 | D:2      | Reached skill level 6 in Ranged Weapons
  1631 | D:3      | Found a white marble altar of Elyvilon.
  1758 | D:3      | Reached XP level 5. HP: 33/33 MP: 5/5
  1763 | D:3      | Reached skill level 7 in Ranged Weapons
  1944 | D:3      | Identified the +7 dagger of the Heart {flame, Will+}
  2588 | D:4      | Found a radiant altar of Vehumet.
  2599 | D:4      | Found a broken altar of Ashenzari.
  2666 | D:4      | Reached skill level 8 in Ranged Weapons
  2666 | D:4      | Reached XP level 6. HP: 38/38 MP: 6/6
  2894 | D:4      | Noticed Menkaure
  2910 | D:4      | Killed by an exploding butterfly... ignited by their inner
                  | flame

Illustrated notes

Levels and vault maps discovered:
D:1:      dpeg_arrival_tiny_a, layout_basic,
          chequers_ecumenical_altar_simple_redux
D:2:      layout_basic, minmay_pentomino_v2
D:3:      layout_basic, nicolae_elyvilon_peaceful_grove, serial_bayou_lake_a
D:4:      layout_cave_pools, mainiacjoe_overflow_swirl, minivault_27,
          uniq_menkaure

Skill      XL: |  1  2  3  4  5  6 |
---------------+-------------------+-----
Fighting       | 3 4 |  4.0
Ranged Weapons | 6 8 |  8.0
Dodging        | 3 |  3.3
Stealth        | |  1.3

Action                   |  1- 3 |  4- 6 || total
-------------------------+-------+-------++-------
 Fire: Shortbow          |    59 |    91 ||   150
  Use: Scroll            |     5 |     7 ||    12
Armor: Leather armour    |     8 |     6 ||    14
Dodge: Dodged            |    16 |    31 ||    47

Table legend: (Time is in decaauts)
 A = Elapsed time spent in this place.
 B = Non-inter-level travel time spent in this place.
 C = Inter-level travel time spent in this place.
 D = Time resting spent in this place.
 E = Time spent auto-exploring this place.
 F = Levels seen in this place.
 G = Mean time per level.
                   A        B        C        D        E       F      G
               +--------+--------+--------+--------+--------+-----+--------+
         Total |   2972 |   2917 |     55 |      0 |   2564 |   4 |  743.0 |
       Dungeon |   2972 |   2917 |     55 |      0 |   2564 |   4 |  743.0 |
               +--------+--------+--------+--------+--------+-----+--------+

Top non-repeatable levels by time:
     D:1: 975 daAuts
     D:3: 724 daAuts
     D:2: 654 daAuts
     D:4: 617 daAuts
